 Dungeon Crawl Stone Soup version 0.28.0-45-g0d030f2227 (webtiles) character file.

Game seed: 12910329138634002906

144 DungeonMaster the Ducker (level 5, -2/58 HPs)
             Began as a Demonspawn Wanderer on Apr 17, 2022.
             Succumbed to Pikel's poison
             ... on level 3 of the Dungeon.
             The game lasted 00:07:30 (4764 turns).

DungeonMaster the Ducker (Demonspawn Wanderer)      Turns: 4764, Time: 00:07:30

Health: -2/58      AC:  4    Str: 14    XL:     5   Next: 5%
Magic:  8/8        EV: 12    Int: 13    God:
Gold:   71         SH:  0    Dex: 13    Spells: 7/8 levels left

rFire   . . .      SeeInvis .   a - +0 mace
rCold   . . .      Faith    .   (no shield)
rNeg    . . .      Spirit   .   c - +0 leather armour
rPois   .          Reflect  .   (no helmet)
rElec   .          Harm     .   b - +0 cloak
rCorr   .          Rampage  .   (no gloves)
Will    .....                   (no boots)
Stlth   ..........              (no amulet)
HPRegen 0.19/turn               (no ring)
MPRegen 0.11/turn               (no ring)

@: mighty, berserking (expiring), lethally poisoned (-2 -> -16), slowed
A: foul stench 1, powered by pain 1
a: no special abilities


You were on level 3 of the Dungeon.
You visited 1 branch of the dungeon, and saw 4 of its levels.

You collected 71 gold pieces.

Inventory:

Hand Weapons
 a - a +0 mace (weapon)
 s - a +0 flail
Missiles
 d - 39 arrows
 h - 52 stones
 m - 20 bolts
 n - 2 poisoned darts
 r - 22 sling bullets
Armour
 b - a +0 cloak (worn)
 c - a +0 leather armour (worn)
 p - a +0 ring mail
Jewellery
 j - the ring "Ilepumab" {Fly rElec rCorr Str-5 Int+3}
   (You found it on level 2 of the Dungeon)

   [ring of flight]

   Str:       It affects your strength (-5).
   Int:       It affects your intelligence (+3).
   rElec:     It insulates you from electricity.
   Fly:       It grants you flight.
   rCorr:     It protects you from acid and corrosion.
Wands
 q - a wand of polymorph (6)
Scrolls
 i - 4 scrolls of teleportation
Potions
 g - 2 potions of flight
 l - a potion of curing


   Skills:
 * Level 2.5 Fighting
 - Level 1.0 Maces & Flails
 * Level 2.6 Armour
 * Level 3.1 Dodging
 - Level 1.0 Stealth
 * Level 2.0 Spellcasting
 - Level 3.0 Poison Magic


You had 7 spell levels left.
You knew the following spells:

 Your Spells              Type           Power      Damage    Failure   Level
a - Sting                 Tmut/Pois      20%        1d4       17%         1

Your spell library contained the following spells:

 Spells                   Type           Power      Damage    Failure   Level
 Poisonous Vapours        Pois/Air       10%        N/A       26%         2
 Shock                    Conj/Air       4%         1d3       30%         1
 Spider Form              Tmut/Pois      5%         N/A       45%         3
 Swiftness                Air            1%         N/A       67%         3
 Airstrike                Air            0%         N/A       97%         4


Dungeon Overview and Level Annotations

Branches:
Dungeon (4/15)
 Temple: D:4-7

Altars:

Annotations:
D:2 Terence
D:3 Pikel
D:4 Dowan, Duvessa


Innate Abilities, Weirdness & Mutations

You may rarely emit foul miasma when damaged in melee.
You sometimes gain a little power by taking damage.


Message History

Okay, then.
You feel very mighty all of a sudden.
The hound skeleton bites you but does no damage.
Casting: Sting (safe; 17% risk of failure)
Confirm with . or Enter, or press ? or * to list all spells.
Aiming: Sting (safe; 17% risk of failure)
Press: ? - help, Shift-Dir - straight line, f/p - Pikel
Aim: Pikel the hornet (52% to hit)
You miscast Sting.
You are very lightly contaminated with residual magic.
Nothing appears to happen.
The hound skeleton closely misses you. x2
Pikel misses you. Pikel stings you!
You are poisoned.
You feel yourself slow down. The hound skeleton bites you.
You emit a cloud of foul miasma!
You climb upwards.
You feel yourself speed up.
You feel very sick.
There is a stone staircase leading down here.
You feel much better.
You feel sick. Pikel stings you!
You are more poisoned.
You feel yourself slow down. Pikel stings you but does no damage.
A red film seems to cover your vision as you go berserk!
You feel yourself moving faster!
You feel mighty!
You feel yourself speed up.
You feel very sick. Pikel stings you!
You are more poisoned.
You feel yourself slow down. Pikel stings you!
* * * LOW HITPOINT WARNING * * *
You focus on the pain.
You feel your power returning.
You feel as though you will be slow longer.
Your magical contamination has completely faded away.
You barely miss Pikel.
* * * LOW HITPOINT WARNING * * *
You feel very sick. Pikel closely misses you. x2
You barely miss Pikel.
You die...

.# ##........###.......##...#
#.
+###..........##..##.#.##...#
#.
............#.##..#..#.######
#. ..........###..#..#..#.#
#. ..........# #..#..#..#.#
#. .###......# #.....#..#.#
#. .# #.###'##
###..##..#.#########.
.###.###.#
#.รท##..............
.........#
##@##.##.#########.
####.##### #y##.##.# #.
.....# #.##....# #. ####.#
########.##.#..#########.
.....#
#........................
####.#
#.######.##.............. #.#
#.######.################ #.#
#...............# #.#
#################


You could see Pikel the hornet.

Vanquished Creatures
  2 lemures (D:3)
  An orc priest (D:2)
  An orc wizard (D:3)
  An adder (D:3)
  3 dart slugs
  7 orcs
  4 ball pythons
  7 endoplasms
  3 giant cockroaches
  3 goblins
  9 hobgoblins
  7 jackals
  7 bats
  3 frilled lizards
  3 rats
61 creatures vanquished.

Notes
Turn   | Place    | Note
-------+----------+-------------------------------------------
     0 | D:1      | DungeonMaster the Demonspawn Wanderer began the quest for
                  | the Orb.
     0 | D:1      | DungeonMaster set off with the following items: a +0 mace,
                  | a +0 cloak, a +0 leather armour; and the following spell
                  | memorised: Sting; and the following spells available to
                  | memorise: Poisonous Vapours, Spider Form
     0 | D:1      | Reached XP level 1. HP: 13/13 MP: 3/3
   373 | D:1      | Gained mutation: You sometimes gain a little power by
                  | taking damage. [demonic ancestry]
   373 | D:1      | Reached XP level 2. HP: 20/20 MP: 5/5
   539 | D:1      | Reached skill level 1 in Fighting
   962 | D:1      | Found a faded altar of an unknown god.
  1232 | D:2      | Gained mutation: You may rarely emit foul miasma when
                  | damaged in melee. [demonic ancestry]
  1232 | D:2      | Reached XP level 3. HP: 4/26 MP: 6/6
  1515 | D:2      | Identified the ring "Ilepumab" {Fly rElec rCorr Str-5
                  | Int+3}
  1775 | D:2      | Noticed Terence
  2625 | D:2      | Reached XP level 4. HP: 29/33 MP: 2/7
  3690 | D:3      | Reached XP level 5. HP: 37/39 MP: 8/8
  3902 | D:4      | Noticed a lemure
  3904 | D:4      | Noticed a lemure
  4016 | D:4      | Noticed Duvessa
  4016 | D:4      | Noticed Dowan
  4171 | D:4      | Noticed Pikel
  4186 | D:3      | Killed a lemure
  4429 | D:4      | Noticed a lemure
  4463 | D:3      | Killed a lemure
  4754 | D:4      | Noticed a lemure
  4756 | D:4      | Noticed Pikel
  4756 | D:4      | Pikel changed into Pikel the hornet
  4763 | D:3      | HP: 2/58 [poisoned by Pikel]
  4764 | D:3      | Succumbed to Pikel's poison

Illustrated notes

Levels and vault maps discovered:
D:1:      psy_arrival_basics, layout_loops_corners,
          chequers_ecumenical_altar_simple, serial_park_tiny_1,
          minmay_pentomino_o2
D:2:      layout_rooms, uniq_terence
D:3:      layout_basic
D:4:      layout_basic, bloody_makhleb, uniq_duvessa, uniq_pikel

Skill      XL: |  1  2  3  4 |
---------------+-------------+-----
Dodging        | 2 3 |  3.1
Fighting       | 1 2 |  2.5
Armour         | 2 |  2.6
Maces & Flails | |  1.0
Stealth        | |  1.0
Spellcasting   | |  2.0
Poison Magic   | |  3.0

Action                   |  1- 3 |  4- 6 || total
-------------------------+-------+-------++-------
Melee: Mace              |    98 |    80 ||   178
 Cast: Sting             |     3 |    29 ||    32
Evoke: Wand              |       |     1 ||     1
  Use: Scroll            |     7 |     1 ||     8
       Potion            |       |     4 ||     4
 Stab: Sleeping          |     1 |       ||     1
Armor: Leather armour    |    47 |    35 ||    82
Dodge: Dodged            |    57 |    73 ||   130
